 Dungeon Crawl Stone Soup version 0.30.1-6-gbe392663c4 (webtiles) character file.

Game seed: 17968587905373002876

2515 gay420 the Destroyer (level 9, -14/46 HPs)
             Began as a Deep Elf Conjurer on Sept 19, 2023.
             Was an Initiate of Qazlal.
             Killed by an exploding water moccasin (46 damage)
             ... ignited by their inner flame
             ... on level 6 of the Dungeon on Sept 21, 2023.
             The game lasted 00:24:45 (8025 turns).

gay420 the Destroyer (Deep Elf Conjurer)            Turns: 8025, Time: 00:24:47

Health: -14/46     AC:  8    Str:  4    XL:     9   Next: 29%
Magic:  19/25      EV: 13    Int: 28    God:    Qazlal [......]
Gold:   111        SH:  0    Dex: 13    Spells: 0/28 levels left

rFire   . . .        F - +2 dagger (speed)
rCold   . . .        (no shield)
rNeg    . . .        a - +0 robe
rPois   .            (no helmet)
rElec   .            c - +0 cloak
rCorr   .            f - +2 pair of gloves
SInv    +            H - +1 pair of boots
Will    .....        (no amulet)
Stlth   +++          i - ring of see invisible
HPRegen 0.27/turn    (no ring)
MPRegen 0.19/turn

%: no passive effects
@: no status effects
A: no striking features
a: Renounce Religion


You were on level 6 of the Dungeon.
You worshipped Qazlal.
Qazlal was noncommittal.
You visited 2 branches of the dungeon, and saw 7 of its levels.
You also visited: Sewer.

You collected 251 gold pieces.
You spent 140 gold pieces at shops.

Inventory:

Hand Weapons
 l - a +1 dagger of freezing
 F - a +2 dagger of speed (weapon)
Missiles
 k - 6 poisoned darts
Armour
 a - a +0 robe (worn)
 c - a +0 cloak (worn)
 f - a +2 pair of gloves (worn)
 H - a +1 pair of boots (worn)
Jewellery
 i - a ring of see invisible (left hand)
 N - a ring of flight
Wands
 A - a wand of roots (20)
 B - a wand of light (5)
Scrolls
 d - 4 scrolls of enchant armour
 m - 6 scrolls of teleportation
 n - 3 scrolls of blinking {unknown}
 p - 4 scrolls of noise {unknown}
 s - a scroll of immolation {unknown}
 u - a scroll of amnesia {unknown}
 v - 2 scrolls of magic mapping {unknown}
 y - 2 scrolls of vulnerability {unknown}
 G - a scroll of torment {unknown}
 I - a scroll of fog {unknown}
 J - a scroll of fear
 M - 3 scrolls of enchant weapon {unknown}
Potions
 b - a potion of magic
 e - 3 potions of curing
 g - 5 potions of mutation
 h - a potion of attraction {unknown}
 j - a potion of berserk rage {unknown}
 q - 2 potions of brilliance {unknown}
 r - a potion of cancellation {unknown}
 t - a potion of degeneration {unknown}
 w - 2 potions of lignification
 x - a potion of ambrosia {unknown}
 z - a potion of heal wounds {unknown}
 C - a potion of invisibility


   Skills:
 + Level 0.5 Fighting
 + Level 0.2 Short Blades
 + Level 3.8 Dodging
 + Level 4.9 Stealth
 + Level 10.2 Spellcasting
 + Level 10.4 Conjurations
 + Level 2.1 Hexes
 + Level 2.0 Translocations
 + Level 0.1 Transmutations
 + Level 0.4 Fire Magic


You couldn't memorise any spells.
You knew the following spells:

 Your Spells              Type           Power      Damage    Failure   Level
a - Magic Dart            Conj           100%       1d8       1%          1
b - Searing Ray           Conj           100%       2d8       1%          2
c - Ignite Poison         Fire/Tmut/Pois 15%        N/A       11%         3
d - Iskenderun's Mystic   Conj/Tloc      49%        2d11      3%          4
e - Fulminant Prism       Conj/Hex       24%        3d12      3%          4
f - Flame Wave            Conj/Fire      44%        2d11      4%          4
g - Freezing Cloud        Conj/Ice/Air   16%        6-21      26%         5
h - Passwall              Tmut/Erth      11%        N/A       6%          2
i - Inner Flame           Hex/Fire       21%        N/A       7%          3

Your spell library contained the following spells:

 Spells                   Type           Power      Damage    Failure   Level
 Apportation              Tloc           50%        N/A       1%          1
 Shock                    Conj/Air       100%       1d9       1%          1
 Momentum Strike          Conj/Tloc      98%        3d10      1%          2
 Dazzling Flash           Conj/Hex       98%        N/A       1%          3
 Stone Arrow              Conj/Erth      86%        3d12      1%          3
 Blink                    Tloc           50%        N/A       2%          2
 Lesser Beckoning         Tloc           50%        N/A       2%          2
 Sandblast                Erth           28%        2d8       4%          1
 Sticky Flame             Conj/Fire      44%        2d6       4%          4
 Cigotuvi's Dreadful Rot  Necr/Pois/Air  28%        N/A       6%          2
 Airstrike                Air            7%         2d(1-17)  36%         4
 Alistair's Intoxication  Tmut/Pois      9%         N/A       71%         5


Dungeon Overview and Level Annotations

Branches:
Dungeon (6/15)             Temple (1/1) D:6           Sewer (visited)

Altars:
Ashenzari
Cheibriados
Dithmenos
Fedhas
Gozag
Hepliaklqana
Nemelex Xobeh
Okawaru
Qazlal
Ru
Uskayaw
Vehumet
Wu Jian
The Shining One

Shops:
D:5 :

Annotations:
D:6 exclusion: statue


Message History

You open the door.
There is an open door here.
A water moccasin comes into view.
Casting: Inner Flame (dangerous; 7% risk of failure)
Confirm with . or Enter, or press ? or * to list all spells.
Aiming: Inner Flame (dangerous; 7% risk of failure)
Press: ? - help, Dir - move target, f - water moccasin
Aim: a water moccasin (asleep, chance to affect: 76%)
The water moccasin hisses angrily.
The water moccasin is filled with an inner flame.
Casting: Inner Flame (dangerous; 7% risk of failure)
Confirm with . or Enter, or press ? or * to list all spells.
Aiming: Searing Ray (safe; 1% risk of failure)
Press: ? - help, Shift-Dir - straight line, f/p - water moccasin
Aim: a water moccasin (inner flame, 72% to hit)
The searing ray misses the water moccasin. (Press . to maintain the ray.)
The water moccasin bites you.
You are poisoned.
The water moccasin poisons you!
The searing ray misses the water moccasin.
You feel very sick. The water moccasin bites you.
You are more poisoned.
The water moccasin poisons you! The water moccasin barely misses you.
The searing ray hits the water moccasin!
Flame seeps out of the water moccasin.
The water moccasin is moderately wounded.
You feel very sick.
The water moccasin is engulfed in blazing flames.
Flame seeps out of the water moccasin.
The water moccasin bites you.
You are lethally poisoned!
The water moccasin poisons you!
You feel better.
The water moccasin is engulfed in blazing flames.
Qazlal accepts your kill.
The water moccasin explodes!
The fiery explosion engulfs you!!!
Ouch! That really hurt!
You die...

.##+#####..#.##
.##...###.....#
.............##
.............#
.............#
###..........#
#..<.......#
.##....##.#########
)##....##.####.#@§#
.+.........#....#○§...#
.##........'....#§§...#
.##........#....#.....#
.#.........#....#.....#
.##.....####...####...#
..###### #+### ...# ..#
...# .##


There were no monsters in sight!

Vanquished Creatures
  Pikel (D:5)
  A komodo dragon (D:6)
  Grinder (D:3)
  Menkaure (D:5)
  2 water moccasins (D:6)
  Duvessa (D:5)
  2 phantoms (D:6)
  A kobold brigand (Sewer)
  Dowan (D:5)
  3 orc priests
  A jelly (D:5)
  5 hounds
  A gnoll bouda (D:5)
  Terence (D:3)
  7 iguanas
  6 orc wizards (D:6)
  10 gnolls
  9 adders
  5 river rats
  2 white imps (D:6)
  An ufetubus (D:6)
  5 worms
  A dart slug (D:1)
  8 orcs
  13 ball pythons
  5 bats
  8 endoplasms
  2 giant cockroaches
  5 goblins
  4 hobgoblins
  5 jackals
  5 kobolds
  9 quokkas
  13 frilled lizards
  10 rats
  A fulminant prism (D:5)
156 creatures vanquished.

Vanquished Creatures (others)
  15 fulminant prisms
15 creatures vanquished.

Grand Total: 171 creatures vanquished

Notes
Turn   | Place    | Note
-------+----------+-------------------------------------------
     0 | D:1      | gay420 the Deep Elf Conjurer began the quest for the Orb.
     0 | D:1      | Reached XP level 1. HP: 10/10 MP: 6/6
   203 | D:1      | Reached XP level 2. HP: 15/15 MP: 2/8
   293 | D:1      | Upgraded the game from 0.30.1-5-ged363bc7ee to
                  | 0.30.1-6-gbe392663c4
   352 | D:1      | Reached skill level 5 in Conjurations
   794 | D:2      | Learned a level 2 spell: Searing Ray
   884 | D:2      | Reached XP level 3. HP: 19/19 MP: 2/9
  1208 | D:2      | You fall into a shaft and drop 1 floor!
  1218 | D:3      | Learned a level 3 spell: Ignite Poison
  1333 | D:3      | Noticed Grinder
  1339 | D:3      | Killed Grinder
  1340 | D:3      | Reached skill level 5 in Spellcasting
  1340 | D:3      | Reached XP level 4. HP: 15/24 MP: 0/13
  1340 | D:3      | Reached XP level 5. HP: 18/28 MP: 0/14
  1417 | D:3      | Reached XP level 6. HP: 3/32 MP: 11/15
  1524 | D:3      | Found a glowing drain.
  1529 | Sewer    | Entered a sewer
  2087 | Sewer    | Learned a level 4 spell: Iskenderun's Mystic Blast
  3471 | D:3      | Learned a level 4 spell: Fulminant Prism
  3562 | D:3      | Noticed Terence
  3566 | D:3      | Killed Terence
  3567 | D:3      | Reached XP level 7. HP: 36/36 MP: 12/18
  4492 | D:4      | Found a sparkling altar of Nemelex Xobeh.
  4520 | D:4      | Learned a level 4 spell: Flame Wave
  5241 | D:5      | Entered Level 5 of the Dungeon
  5527 | D:5      | Noticed Pikel
  5537 | D:5      | Killed Pikel
  5538 | D:5      | Reached skill level 1 in Hexes
  5538 | D:5      | Reached XP level 8. HP: 41/41 MP: 0/22
  5665 | D:5      | Noticed Dowan
  5701 | D:5      | Noticed Duvessa
  5705 | D:5      | Killed Duvessa
  5721 | D:5      | Noticed Menkaure
  5725 | D:5      | Killed Menkaure
  5731 | D:5      | Killed Dowan
  6010 | D:5      | Learned a level 5 spell: Freezing Cloud
  6013 | D:5      | Learned a level 2 spell: Passwall
  6269 | D:5      | Found Kucearuq's Tiny Tomes.
  6274 | D:5      | Bought the Teachings on Vapour for 100 gold pieces
  6274 | D:5      | Bought the Almanac of the Lungs for 40 gold pieces
  6716 | D:6      | Found a radiant altar of Vehumet.
  6750 | D:6      | Reached skill level 10 in Conjurations
  6763 | D:6      | Reached skill level 1 in Translocations
  6822 | D:6      | Reached XP level 9. HP: 46/46 MP: 11/24
  7230 | D:6      | Found a snail-covered altar of Cheibriados.
  7275 | D:6      | Noticed a komodo dragon
  7472 | D:6      | Killed a komodo dragon
  7473 | D:6      | Reached skill level 10 in Spellcasting
  7673 | D:6      | Found an opulent altar of Gozag.
  7701 | D:6      | Found a shadowy altar of Dithmenos.
  7782 | D:6      | Found a staircase to the Ecumenical Temple.
  7788 | Temple   | Entered the Ecumenical Temple
  7826 | Temple   | Became a worshipper of Qazlal Stormbringer
  7896 | D:6      | Learned a level 3 spell: Inner Flame
  8025 | D:6      | Killed by an exploding water moccasin... ignited by their
                  | inner flame

Illustrated notes

Levels and vault maps discovered:
D:1:      amcnicky_arrival_gap_in_the_tavern_cellar, layout_basic
D:2:      layout_rooms, minmay_joined_circles
D:3:      layout_loops_ring, gup_sewer_entry_bowl, hex_tiny,
          chequers_serial_rivers_micro_a, uniq_grinder, uniq_terence
D:4:      layout_cave_pools, nemelex_diamond_rough_becter
D:5:      layout_cave_pools, st_stairs_6, nicolae_shop_i_like_small_books_too,
          hangedman_abyss_or_decor_stagger, uniq_pikel, uniq_menkaure,
          uniq_duvessa
D:6:      layout_gridville, grunt_dithmenos_shadows, vehumet_statue,
          nicolae_gozag_cash_rules_everything_around_me, slow_altar_2,
          minmay_temple_entry_hall, lemuel_flamethrower_2, uniq_prince_ribbit1
Temple:   nicolae_temple_bog_church

Skill      XL: |  1  2  3  4  5  6  7  8  9 |
---------------+----------------------------+-----
Conjurations   | 5 6 7 9 10 | 10.4
Stealth        | 3 4 |  4.9
Spellcasting   | 5 6 8 9 10 | 10.2
Dodging        | 3 |  3.8
Hexes          | 1 2 |  2.1
Translocations | 1 2 |  2.0
Fighting       | |  0.5
Short Blades   | |  0.2
Transmutations | |  0.1
Fire Magic     | |  0.4

Action                     |  1- 3 |  4- 6 |  7- 9 || total
---------------------------+-------+-------+-------++-------
  Melee: Dagger            |     2 |     9 |     6 ||    17
         Punch             |       |       |     1 ||     1
   Cast: Magic Dart        |    55 |    67 |    34 ||   156
         Searing Ray       |     3 |    18 |    36 ||    57
         Ignite Poison     |     1 |       |       ||     1
         Fulminant Prism   |       |     1 |    15 ||    16
         Iskenderun's Myst |       |     1 |     7 ||     8
         Flame Wave        |       |       |     2 ||     2
         Inner Flame       |       |       |     2 ||     2
    Use: Scroll            |     3 |     2 |     7 ||    12
         Potion            |       |     3 |     1 ||     4
   Stab: Sleeping          |       |       |     1 ||     1
 Armour: Robe              |       |       |     7 ||     7
  Dodge: Dodged            |     7 |     6 |    20 ||    33
